 Dungeon Crawl Stone Soup version 0.31.0-11-ge490571c62 (webtiles) character file.

Game seed: 16916383463545426458

46 qw the Shooter (level 3, 0/18 HPs)
             Began as a Spriggan Hunter on Feb 4, 2024.
             Slain by a frilled lizard (1 damage)
             ... on level 2 of the Dungeon.
             The game lasted 00:00:02 (745 turns).

qw the Shooter (Spriggan Hunter)                     Turns: 745, Time: 00:00:03

Health: 0/18       AC:  2    Str:  5 (7)  XL:     3   Next: 46%
Magic:  4/4        EV: 19    Int:  7 (10) God:
Gold:   44         SH:  0    Dex: 17 (20) Spells: 2/2 levels left

rFire   + . .        a - +0 shortbow
rCold   . . .        (shield currently unavailable)
rNeg    . . .        c - +0 robe
rPois   .            (helmet restricted)
rElec   .            (no cloak)
rCorr   .            (gloves unavailable)
SInv    +            (boots unavailable)
Will    .....        (no amulet)
Stlth   ++           m - ring of protection from fire
HPRegen 0.23/turn    (no ring)
MPRegen 0.09/turn

%: no passive effects
@: mighty, very quick
A: very small, no large weapons, unfitting armour, see invisible, speed 3
a: no special abilities


You were on level 2 of the Dungeon.
You visited 1 branch of the dungeon, and saw 2 of its levels.

You collected 44 gold pieces.


Innate Abilities, Weirdness & Mutations

You are very small and have problems with some larger weapons.
You are too small for most types of armour.
You have supernaturally acute eyesight. (SInv)
You cover ground extremely quickly. (Speed+++)


   Skills:
 - Level 1.5 Fighting
 + Level 4.6 Ranged Weapons
 - Level 4.2 Dodging
 - Level 1.5 Stealth


You had 2 spell levels left.
You didn't know any spells.
Your spell library was empty.

Inventory:

Hand Weapons
 a - a +0 shortbow (weapon)
Armour
 c - a +0 robe (worn)
Jewellery
 m - a ring of protection from fire (left hand)
Potions
 g - a potion of resistance
 h - a potion of enlightenment {unknown}
 j - a potion of might
 l - a potion of brilliance {unknown}
 n - a potion of curing {unknown}

Dungeon Overview and Level Annotations

Branches:
Dungeon (2/15)

Altars:


Message History

The ribbon worm barely misses you. The frilled lizard closely misses you.
The rat barely misses you. The frilled lizard closely misses you.
The rat bites you. The ribbon worm bites you!
The frilled lizard bites you but does no damage.
The rat bites you but does no damage. The ribbon worm barely misses you.
The frilled lizard bites you. The rat barely misses you.
The ribbon worm barely misses you.
735 ||| DRINKING potion of heal wounds.
You feel much better. The frilled lizard closely misses you.
The rat twitches its whiskers.
The rat misses you. The ribbon worm barely misses you.
The frilled lizard barely misses you. The rat bites you but does no damage.
The frilled lizard misses you. The rat bites you.
The ribbon worm barely misses you. The frilled lizard bites you.
The rat barely misses you. The ribbon worm bites you.
The frilled lizard barely misses you. The rat bites you.
The ribbon worm closely misses you. The frilled lizard bites you.
The rat closely misses you.
The ribbon worm expels a string of sticky webbing.
The stream of webbing misses you. The frilled lizard misses you.
The rat completely misses you.
You shoot an arrow. The arrow hits the ribbon worm.
The ribbon worm is moderately wounded.
The frilled lizard bites you but does no damage.
The rat completely misses you. The ribbon worm barely misses you.
You shoot an arrow. The arrow hits the ribbon worm.
The ribbon worm is moderately wounded.
The frilled lizard closely misses you. The rat misses you.
The ribbon worm bites you.
You shoot an arrow. The arrow hits the ribbon worm!
The ribbon worm is almost dead.
The frilled lizard barely misses you. The rat closely misses you.
The ribbon worm bites you!
You shoot an arrow. The arrow hits the ribbon worm.
You kill the ribbon worm!
The rat bites you but does no damage. The frilled lizard bites you.
You die...

+# .# ####.#
.#####....##
........l..##
#.@....#
#..%r..##
#.....##
#.....#
##.....
#######


You could see a frilled lizard and a rat.

Vanquished Creatures
  2 gnolls (D:1)
  A dart slug (D:1)
  A ribbon worm (D:2)
  5 endoplasms (D:1)
  2 giant cockroaches (D:1)
  2 goblins (D:1)
  3 hobgoblins (D:1)
  A ball python (D:1)
  A bat (D:1)
  4 frilled lizards (D:1)
  A kobold (D:1)
  2 rats (D:1)
25 creatures vanquished.

Notes
Turn   | Place    | Note
-------+----------+-------------------------------------------
     0 | D:1      | qw the Spriggan Hunter began the quest for the Orb.
     0 | D:1      | Reached XP level 1. HP: 10/10 MP: 2/2
     0 | D:1      | 0 ||| qw: Version: 0.3-a-160-g6735b56
     0 | D:1      | 0 ||| qw: Game counter: 5178
     0 | D:1      | 0 ||| qw: Melee chars always use a shield: true
     0 | D:1      | 0 ||| qw: God list: Okawaru
     0 | D:1      | 0 ||| qw: Allow faded altars: false
     0 | D:1      | 0 ||| qw: Do Orc after clearing Dungeon:15 true
     0 | D:1      | 0 ||| qw: Do second Lair branch before Depths: true
     0 | D:1      | 0 ||| qw: Lair rune preference: random
     0 | D:1      | 0 ||| qw: Goals: Normal
     0 | D:1      | 0 ||| PLANNING D:1-11
    20 | D:1      | Reached skill level 3 in Dodging
    79 | D:1      | HP: 2/10 [gnoll/+0 club (4)]
    82 | D:1      | Reached XP level 2. HP: 4/14 MP: 3/3
   296 | D:1      | Reached XP level 3. HP: 18/18 MP: 4/4
   684 | D:1      | 684 ||| DROPPING ring of magical power.
   685 | D:1      | 685 ||| UPGRADING to ring of protection from fire.
   686 | D:1      | 686 ||| READING scroll labelled NAUX WURYA.
   686 | D:1      | 686 ||| IDENTIFYING pink potion
   687 | D:1      | 687 ||| READING scroll labelled DIRUNT IDIE.
   696 | D:1      | 696 ||| READING scroll labelled KYSEN ACEC.
   706 | D:1      | 706 ||| READING scroll labelled ZUAFAU KACOANE.
   707 | D:1      | 707 ||| DRINKING 2 dark potions.
   708 | D:1      | 708 ||| DRINKING 2 inky potions.
   709 | D:1      | 709 ||| DRINKING 2 purple potions.
   710 | D:1      | 710 ||| DROPPING scroll of butterflies.
   711 | D:1      | 711 ||| DROPPING potion of degeneration.
   726 | D:2      | 726 ||| STAIRDANCE
   734 | D:2      | HP: 4/18 [frilled lizard (1)]
   735 | D:2      | 735 ||| DRINKING potion of heal wounds.
   744 | D:2      | HP: 1/18 [ribbon worm (8)]
   745 | D:2      | Slain by a frilled lizard

Levels and vault maps discovered:
D:1:      sevenhm_arrival_forest_fort_small_6, layout_loops_ring,
          minmay_small_reverse_x
D:2:      mumra_celtic_spiral_tile, layout_loops_corners, basic_ecumenical_altar

Skill      XL: |  1 |
---------------+----+-----
Dodging        | 4 |  4.2
Fighting       | |  1.5
Ranged Weapons | |  4.6
Stealth        | |  1.5

Action                     || total
---------------------------++-------
   Fire: Shortbow          ||    60
    Use: Scroll            ||     4
         Potion            ||     4
 Armour: Robe              ||    22
  Dodge: Dodged            ||    40

Table legend:
 A = Non-vault XP
 B = Vault XP
 C = Vault XP percentage of total XP
 D = Non-vault monster count
 E = Vault monster count
 F = Vault count percentage of total count
                 A         B        C        D         E       F
            +---------+---------+-------+---------+---------+-------
      Total |      51 |      20 |  28.2 |      21 |       4 |  16.0
            +---------+---------+-------+---------+---------+-------
        D:1 |      47 |      20 |  29.9 |      20 |       4 |  16.7
        D:2 |       4 |       0 |   0.0 |       1 |       0 |   0.0
            +---------+---------+-------+---------+---------+-------
